 Dungeon Crawl Stone Soup version 0.22-a0-402-ga933591 (webtiles) character file.

93956 4thArraOfDagon the Gelid (level 15, -15/99 HPs)
             Began as a White Draconian Fire Elementalist on May 7, 2018.
             Was a High Priest of Vehumet.
             Killed from afar by a deep elf sorcerer (49 damage)
             ... with damnation
             ... on level 3 of the Elven Halls.
             The game lasted 01:19:59 (14493 turns).

4thArraOfDagon the Gelid (DrFE)                    Turns: 14493, Time: 01:20:00

Health: -15/99     AC: 17    Str: 11    XL:     15   Next: 62%
Magic:  21/48      EV: 12    Int: 25    God:    Vehumet [*****.]
Gold:   2180       SH:  6    Dex: 12    Spells: 1/37 levels left

rFire    . . .     SeeInvis .   c - +8 trident of the Octopus King {venom, rElec rPois MR+}
rCold    + + .     Gourm    .   A - +1 buckler {AC+3}
rNeg     . . .     Faith    .   (armour unavailable)
rPois    +         Spirit   .   k - +2 hat
rElec    +         Reflect  .   (no cloak)
rCorr    .         Harm     .   o - +2 pair of gloves
MR       ++...                  (no boots)
Stlth    ++++......             p - amulet of rage
HPRegen  0.26/turn              K - ring of magical power
MPRegen  0.31/turn              O - ring "Joheiq" {MP+9 Int+4 Stlth+}

@: no status effects
A: breathe frost, unfitting armour, camouflage 1, cold resistance 2,
cold-blooded, AC +9
a: Breathe Frost, Renounce Religion, Evoke Berserk Rage


You were on level 3 of the Elven Halls.
You worshipped Vehumet.
Vehumet was extremely pleased with you.
You were not hungry.

You visited 4 branches of the dungeon, and saw 21 of its levels.
You also visited: Sewer.

You collected 2518 gold pieces.
You spent 338 gold pieces at shops.

Inventory:

Hand Weapons
 a - a +1 spear
 c - the +8 trident of the Octopus King (weapon) {venom, rElec rPois MR+}
   (You took it off a vampire on level 15 of the Dungeon)

   It poisons the flesh of those it strikes.
   It insulates you from electricity.
   It protects you from poison.
   It affects your resistance to hostile enchantments.
 h - the +1 war axe "Jyrilua" {freeze, rF+ Int+2}
   (You took it off a centaur on level 7 of the Dungeon)

   It has been specially enchanted to freeze those struck by it, causing extra
   injury to most foes and up to half again as much damage against particularly
   susceptible opponents.
   It can also slow down cold-blooded creatures.
   It affects your intelligence (+2).
   It protects you from fire.
Armour
 k - a +2 hat (worn)
 o - a +2 pair of gloves (worn)
 A - a +1 buckler of protection (worn)
Magical Staves
 t - an uncursed staff of conjuration {!a}
 v - an uncursed staff of air
Jewellery
 p - an amulet of rage (around neck)
 w - an uncursed ring of protection from cold
 C - an uncursed ring of flight
 D - a +5 ring of intelligence
 K - a ring of magical power (left hand)
 O - the ring "Joheiq" (right hand) {MP+9 Int+4 Stlth+}
   (You found it on level 15 of the Dungeon)

   [ring of magical power]

   It affects your intelligence (+4).
   It affects your magic capacity (+9).
   It makes you more stealthy.
 P - the ring "Tyumn" {MR++ Str+7 Dex-2 SInv}
   (You took it off a tengu conjurer on level 15 of the Dungeon)

   [ring of see invisible]

   It affects your strength (+7).
   It affects your dexterity (-2).
   It affects your resistance to hostile enchantments.
   It lets you see invisible.
 R - an uncursed ring of wizardry
Wands
 y - a wand of iceblast (7)
 B - a wand of scattershot (2)
 G - a wand of polymorph (13)
 M - a wand of digging (17)
Scrolls
 g - 5 scrolls of remove curse
 q - a scroll of blinking
 r - 5 scrolls of magic mapping
 s - a scroll of amnesia
 F - a scroll of fog {unknown}
 H - 2 scrolls of vulnerability {unknown}
 I - 3 scrolls of teleportation
 J - 2 scrolls of immolation
 L - a scroll of acquirement {unknown}
 Q - 3 scrolls of noise {unknown}
 S - a scroll of summoning {unknown}
Potions
 d - 4 potions of magic
 e - 4 potions of brilliance
 f - 4 potions of flight
 i - 2 potions of lignification
 j - a potion of ambrosia
 l - 5 potions of might
 m - a potion of resistance {unknown}
 n - 4 potions of curing
 x - 2 potions of cancellation
 z - 3 potions of haste
 E - a potion of berserk rage
Miscellaneous
 u - a sack of spiders
Comestibles
 b - 29 rations
 N - 7 chunks of flesh


   Skills:
 - Level 1.7 Dodging
 - Level 1.7 Stealth
 - Level 4.0 Shields
 + Level 11.8 Spellcasting
 * Level 17.0 Conjurations
 - Level 4.9 Fire Magic
 * Level 18.6 Ice Magic


You had one spell level left.
You knew the following spells:

 Your Spells              Type           Power        Failure   Level  Hunger
a - Freezing Cloud        Conj/Ice/Air   ######....   1%          6    #####..
b - Conjure Flame         Conj/Fire      ######..     1%          3    None
c - Sticky Flame          Conj/Fire      ######..     1%          4    None
d - Freeze                Ice            ####         0%          1    None
e - Fireball              Conj/Fire      ######....   1%          5    ###....
f - Blink                 Tloc           N/A          6%          2    None
g - Statue Form           Tmut/Erth      ##.......    99%         6    #####..
h - Orb of Destruction    Conj           #######...   1%          7    ######.
i - Sublimation of Blood  Necr           ##........   6%          2    None


Dungeon Overview and Level Annotations

Branches:
Dungeon (15/15)            Temple (1/1) D:6             Orc (2/2) D:11
    Elf (3/3) Orc:2        Vaults (0/5) D:13         Depths (0/5) D:15
   Lair: D:8-11

Altars:
Ashenzari
Dithmenos
Elyvilon
Fedhas
Ru
Sif Muna
Trog
Vehumet
Yredelemnul
Zin
The Shining One

Shops:
D:6 :   D:14 [   Orc:2 ([[!   Elf:1 ?

Annotations:
Elf:2 3 runed doors
Elf:3 Asterion


Innate Abilities, Weirdness & Mutations

You can breathe waves of freezing cold.
You can buffet flying creatures when you breathe cold.
Your icy white scales are hard. (AC +9)
You cannot fit into any form of body armour.
Your flesh is very cold resistant. (rC++)
You are cold-blooded and may be slowed by cold attacks.
Your skin changes colour to match your surroundings (Stealth+).


Message History

The fireball engulfs the deep elf sorcerer.
The deep elf sorcerer is heavily wounded.
The deep elf sorcerer casts a spell.
The deep elf sorcerer seems to speed up.
Unknown command.
Unknown command.
Unknown command.
Casting: Fireball (safe; 1% risk of failure)
Confirm with . or Enter, or press ? or * to list all spells.
Aiming: Fireball (safe; 1% risk of failure)
Press: ? - help, Shift-Dir - straight line The fireball explodes!
The fireball engulfs the deep elf mage.
The deep elf mage is almost dead.
The fireball engulfs the deep elf sorcerer.
The deep elf sorcerer is almost dead.
The deep elf sorcerer casts a spell at you.
The sphere of damnation explodes!
The damnation engulfs you!
The deep elf sorcerer points at you and mumbles some strange words.
The sphere of damnation explodes!
The damnation engulfs you!
You die...

####)#######+*,,,,,,,
#..).e....#**,,,,,,,,
#...§.....#*,,,,,,,,,
##..(....##*,,,,,,,,,
#..e)...+,+,,,,,,,,,
##.§...##**,,,,,,,,,
#.....# *,,,,,,,,,
##(..+#* **,,,,,,,,
#@..#,** **,,,,,,,
#..##*,** **,,,,,*
#..# **,** *******
#.## **,** #.# **,**
#.# **,** #.#
**,***** ###.###
**+**,** ###.....###
***,,,,,


You could see a deep elf sorcerer and a deep elf mage.

Vanquished Creatures
  A deep elf demonologist (Elf:1)
  A deep elf annihilator (Elf:1)
  2 deep elf death magi (Elf:1)
  2 ettins (D:15)
  2 fire dragons (D:15)
  2 deep elf high priests (Elf:1)
  4 great orbs of eyes (D:15)
  A yaktaur captain (D:13)
  4 vault guards (D:15)
  A death knight (D:12)
  3 centaur warriors (D:15)
  An ogre mage (D:15)
  10 dancing weapons
  3 orc high priests (Orc:2)
  4 tengu warriors
  A deep troll earth mage (D:15)
  7 two-headed ogres
  7 deep elf knights
  The ghost of quik the Magician, a novice GnSk of Gozag (D:7)
  A sea snake (shapeshifter) (D:15)
  9 deep elf archers
  A flayed ghost (D:15)
  2 unseen horrors
  6 ugly things
  4 orc knights (Orc:2)
  6 orc sorcerers
  37 deep elf magi
  4 cyclopes
  2 manticores
  Joseph (D:9)
  Psyche (D:8)
  A gargoyle (D:15)
  A kobold demonologist (D:8)
  2 freezing wraiths (D:12)
  2 efreet (D:14)
  3 yaktaurs
  A komodo dragon (D:13)
  10 trolls
  6 tengu conjurers
  A meliai (shapeshifter) (D:15)
  A hornet (D:11)
  4 hippogriffs
  A slime creature (D:8)
  A shadow (D:11)
  2 wyverns (D:12)
  A spriggan (D:7)
  3 air elementals
  4 wraiths
  2 vampires (D:15)
  3 fire elementals
  2 water elementals (Elf:1)
  4 yaks
  2 basilisks (shapeshifter)
  5 vampire mosquitoes
  2 hungry ghosts
  A steam dragon (D:8)
  The ghost of 4thArraOfDagon the Firebug, an amateur DrFE of Sif Muna (D:3)
  3 wargs (Orc:1)
  2 acid dragons
  A porcupine (D:11)
  A floating eye (shapeshifter) (Elf:1)
  2 ice beasts
  A phantom (D:5)
  3 black bears
  An eye of draining (D:13)
  20 orc warriors
  4 sky beasts
  4 boggarts (D:15)
  2 necrophages
  12 ogres
  10 centaurs
  A crocodile (D:11)
  3 big kobolds
  3 earth elementals (Elf:1)
  6 bullfrogs
  A hornet simulacrum (D:15)
  A wyvern skeleton (D:13)
  3 scorpions
  9 killer bees
  5 wights (D:6)
  A howler monkey (D:8)
  2 electric eels (D:10)
  9 centaur zombies
  8 crimson imps
  2 bullfrog zombies
  4 jellies
  6 centaur skeletons
  13 orc priests
  8 hounds
  24 orc wizards
  3 bullfrog skeletons
  7 iguanas
  6 worker ants
  Natasha (thrice) (D:4)
  Terence (D:2)
  2 hound zombies (D:8)
  3 worker ant zombies
  2 howler monkey skeletons
  11 gnolls
  10 adders
  3 river rats
  2 shadow imps
  A white imp (D:6)
  An ooze (D:3)
  5 worms
  2 dart slugs
  9 leopard geckos
  54 orcs
  A ball python (D:8)
  5 giant cockroaches
  10 goblins
  8 hobgoblins
  11 jackals
  18 kobolds
  4 quokkas
  A ball python skeleton (D:5)
  6 bats
  2 frilled lizards
  A jackal skeleton (D:4)
  A leopard gecko skeleton (D:4)
  A quokka zombie (D:7)
  10 rats
576 creatures vanquished.

Vanquished Creatures (collateral kills)
  A yaktaur captain (D:15)
1 creature vanquished.

Vanquished Creatures (others)
  A water elemental (Elf:1)
  14 fungi
  A plant (D:11)
16 creatures vanquished.

Grand Total: 593 creatures vanquished

Notes
Turn   | Place    | Note
-------+----------+-------------------------------------------
     0 | D:1      | 4thArraOfDagon the Draconian Fire Elementalist began the quest for the Orb.
     0 | D:1      | Reached XP level 1. HP: 14/14 MP: 3/3
    77 | D:1      | Reached XP level 2. HP: 20/20 MP: 3/5
   316 | D:2      | Reached XP level 3. HP: 23/26 MP: 1/6
   321 | D:2      | Learned a level 3 spell: Conjure Flame
   567 | D:4      | Noticed an ogre
   623 | D:4      | Killed an ogre
   623 | D:4      | Reached XP level 4. HP: 33/33 MP: 0/8
   638 | D:4      | Learned a level 4 spell: Sticky Flame
   650 | D:4      | Noticed a sky beast
   708 | D:5      | Entered Level 5 of the Dungeon
   849 | D:6      | Reached XP level 5. HP: 38/38 MP: 3/9
   881 | D:6      | Found Meneoj's Book Shop.
   893 | D:6      | Noticed a centaur
   905 | D:6      | Killed a centaur
   929 | D:6      | Sergey: hello
   934 | D:6      | Sergey: can you help me ?
   984 | D:6      | Reached skill level 5 in Fire Magic
   984 | D:6      | Reached XP level 6. HP: 14/45 MP: 2/10
  1048 | D:6      | Found a staircase to the Ecumenical Temple.
  1088 | Temple   | Entered the Ecumenical Temple
  1097 | Temple   | Became a worshipper of Vehumet
  1222 | D:5      | Found a glowing drain.
  1229 | D:5      | Your scales start taking on an icy white colour.
  1229 | D:5      | Reached XP level 7. HP: 33/50 MP: 2/12
  1229 | D:5      | Gained mutation: Your flesh is cold resistant. (rC+) [White Draconian growth]
  1232 | Sewer    | Entered a sewer
  1261 | Sewer    | 4thArraOfDagon: yes, sec
  1364 | Sewer    | Found a white marble altar of Elyvilon.
  1413 | D:5      | Reached * piety under Vehumet
  1413 | D:5      | Offered knowledge of Shock by Vehumet.
  1413 | D:5      | Reached skill level 5 in Conjurations
  2080 | D:4      | Reached XP level 8. HP: 57/57 MP: 6/14
  2095 | D:3      | Noticed 4thArraOfDagon's ghost (amateur DrFE)
  2164 | D:3      | 4thArraOfDagon: sorry!
  2191 | D:2      | Sergey: it was my mistake
  2421 | D:2      | Offered knowledge of Freeze by Vehumet.
  2424 | D:2      | Learned a level 1 spell: Freeze
  2449 | D:2      | Noticed Terence
  2453 | D:2      | Killed Terence
  2454 | D:2      | Reached ** piety under Vehumet
  2849 | D:3      | Killed 4thArraOfDagon's ghost
  2849 | D:3      | Reached skill level 1 in Ice Magic
  2853 | D:3      | Reached skill level 2 in Ice Magic
  3136 | D:4      | Sergey: now as streak is broken I am going to try speedruns again
  3173 | D:4      | 4thArraOfDagon: yea, its always nice to start a streak off solid speedrun ;)
  3199 | D:4      | Noticed Natasha
  3202 | D:4      | Killed Natasha
  3202 | D:4      | Reached skill level 3 in Ice Magic
  3284 | D:4      | Learned a level 5 spell: Fireball
  3327 | D:4      | Sergey: I was about to do streak of 2 combo hs
  3330 | D:4      | Reached skill level 5 in Spellcasting
  3345 | D:4      | Noticed Natasha
  3349 | D:4      | Sergey: but dead with 10 runes in zig
  3352 | D:4      | Killed Natasha
  3358 | D:4      | Noticed Natasha
  3362 | D:4      | Killed Natasha
  3374 | D:4      | Reached skill level 4 in Ice Magic
  3399 | D:4      | Offered knowledge of Mephitic Cloud by Vehumet.
  3933 | D:6      | Reached *** piety under Vehumet
  3933 | D:6      | Reached skill level 5 in Ice Magic
  3933 | D:6      | Reached XP level 9. HP: 62/62 MP: 14/17
  3986 | D:6      | Identified Kuru's Volume of Unholy Fire
  4184 | D:6      | Offered knowledge of Iskenderun's Mystic Blast by Vehumet.
  4225 | D:6      | Reached skill level 6 in Ice Magic
  4458 | D:7      | Found a glowing golden altar of the Shining One.
  4633 | D:7      | Got a crystal war axe {freeze}
  4634 | D:7      | Identified the cursed +1 war axe "Jyrilua" {freeze, rF+ Int+2} (You took it off a centaur on level 7 of the Dungeon)
  4636 | D:7      | Noticed quik's ghost (novice GnSk)
  4661 | D:7      | Killed quik's ghost
  4661 | D:7      | Reached skill level 7 in Ice Magic
  4781 | D:7      | Learned a level 2 spell: Blink
  5014 | D:7      | Reached **** piety under Vehumet
  5045 | D:7      | Reached skill level 8 in Ice Magic
  5238 | D:7      | Reached XP level 10. HP: 55/68 MP: 19/19
  5327 | D:8      | Noticed a two-headed ogre
  5359 | D:8      | Killed a two-headed ogre
  5415 | D:8      | Reached skill level 9 in Ice Magic
  5438 | D:8      | Reached skill level 10 in Conjurations
  5441 | D:8      | Noticed a manticore
  5655 | D:8      | Offered knowledge of Airstrike by Vehumet.
  5672 | D:8      | Killed a manticore
  5729 | D:8      | Reached skill level 10 in Ice Magic
  5732 | D:8      | Noticed a two-headed ogre
  5823 | D:8      | Killed a two-headed ogre
  5856 | D:8      | Found a shattered altar of Ashenzari.
  6004 | D:8      | Learned a level 6 spell: Statue Form
  6206 | D:8      | Noticed Psyche
  6224 | D:8      | Killed Psyche
  6224 | D:8      | Reached XP level 11. HP: 60/74 MP: 22/22
  6434 | D:9      | Reached skill level 11 in Ice Magic
  6551 | D:9      | Noticed Joseph
  6559 | D:9      | Killed Joseph
  6908 | D:10     | Entered Level 10 of the Dungeon
  6989 | D:10     | Reached ***** piety under Vehumet
  7015 | D:10     | Offered knowledge of Ozocubu's Refrigeration by Vehumet.
  7044 | D:10     | Noticed a two-headed ogre
  7059 | D:10     | Killed a two-headed ogre
  7287 | D:11     | Noticed a cyan ugly thing
  7294 | D:11     | Killed a cyan ugly thing
  7392 | D:11     | Found a basalt altar of Yredelemnul.
  7393 | D:11     | Noticed a two-headed ogre
  7406 | D:11     | Killed a two-headed ogre
  7406 | D:11     | Reached skill level 12 in Ice Magic
  7598 | D:11     | Found a staircase to the Orcish Mines.
  7627 | D:12     | Noticed an unseen horror
  7628 | D:12     | Killed an unseen horror
  7708 | D:12     | Noticed a death knight
  7715 | D:12     | Killed a death knight
  8002 | D:13     | Noticed a tengu warrior
  8006 | D:13     | Killed a tengu warrior
  8006 | D:13     | Reached XP level 12. HP: 77/81 MP: 24/24
  8032 | D:13     | Noticed a two-headed ogre
  8045 | D:13     | Killed a two-headed ogre
  8133 | D:13     | Reached skill level 1 in Shields
  8156 | D:13     | Reached skill level 13 in Ice Magic
  8386 | D:13     | Found a glowing silver altar of Zin.
  8441 | D:13     | Found a gate to the Vaults.
  8450 | D:13     | Noticed a yaktaur captain
  8459 | D:13     | Killed a yaktaur captain
  8853 | D:15     | Entered Level 15 of the Dungeon
  8931 | D:14     | Offered knowledge of Olgreb's Toxic Radiance by Vehumet.
  8984 | D:14     | Learned a level 7 spell: Orb of Destruction
  9082 | D:14     | Reached skill level 14 in Ice Magic
  9121 | D:14     | Found Namienk's Antique Armour Emporium.
  9271 | D:14     | Found a shadowy altar of Dithmenos.
  9504 | D:15     | Noticed a tengu warrior
  9508 | D:15     | Killed a tengu warrior
  9510 | D:15     | Reached XP level 13. HP: 75/86 MP: 21/26
  9523 | D:15     | Got a serpentine amber ring
  9530 | D:15     | Identified the ring "Joheiq" {MP+9 Int+4 Stlth+} (You found it on level 15 of the Dungeon)
  9684 | D:15     | Identified the Collected Works on Evil and Curses
 10007 | D:15     | Found a white marble altar of Elyvilon.
 10067 | D:15     | Noticed an ettin
 10081 | D:15     | Killed an ettin
 10115 | D:15     | Reached skill level 15 in Ice Magic
 10160 | D:15     | Noticed an ettin
 10208 | D:15     | Killed an ettin
 10338 | D:15     | Reached skill level 10 in Spellcasting
 10376 | D:15     | Noticed a fire dragon
 10389 | D:15     | Killed a fire dragon
 10392 | D:15     | Paralysed by a great orb of eyes for 5 turns
 10428 | D:15     | Found a shattered altar of Ashenzari.
 10491 | D:15     | Got a slimy turquoise ring
 10862 | D:15     | Reached skill level 16 in Ice Magic
 10877 | D:15     | Reached XP level 14. HP: 92/93 MP: 21/28
 10886 | D:15     | Got a sparkling bone ring
 10888 | D:15     | Identified the ring of Urra {Str+5 Slay-5 SInv} (You found it on level 15 of the Dungeon)
 10914 | D:15     | Reached skill level 15 in Conjurations
 10939 | D:15     | Identified the ring "Tyumn" {MR++ Str+7 Dex-2 SInv} (You took it off a tengu conjurer on level 15 of the Dungeon)
 11111 | D:15     | Noticed a tengu reaver
 11123 | D:15     | Found a staircase to the Depths.
 11188 | D:15     | HP: 3/93 [battlesphere[a tengu reaver] (7)]
 11200 | D:14     | NormalPerson7: 3 hp oO
 11222 | D:14     | p0werm0de: lucker
 11223 | D:14     | p0werm0de: ;>
 11323 | D:14     | p0werm0de: but ye lukc is a skill too
 11364 | D:14     | p0werm0de: arra and me are best at it imo
 11366 | D:13     | NormalPerson7: lol
 11366 | D:13     | 4thArraOfDagon: it is 90% of luck
 11366 | D:13     | 4thArraOfDagon: and just 10% of experience
 11366 | D:13     | 4thArraOfDagon: no skill :)
 11379 | D:13     | p0werm0de: haha
 11420 | D:12     | NormalPerson7: i see, 4tharra reveals the truth 2018
 11568 | D:11     | Rhok: *takes notes*
 11573 | D:11     | Offered knowledge of Freezing Cloud by Vehumet.
 11587 | D:11     | Learned a level 6 spell: Freezing Cloud
 11715 | Orc:1    | Entered Level 1 of the Orcish Mines
 11718 | Orc:2    | Entered Level 2 of the Orcish Mines
 11874 | Orc:2    | Found a staircase to the Elven Halls.
 12093 | Orc:2    | Found Pika's Distillery.
 12096 | Orc:2    | Found Lumaat's Armour Shop.
 12103 | Orc:2    | Found Xammininuf's Antique Armour Shop.
 12105 | Orc:2    | Found Icaist's Weapon Emporium.
 12125 | Orc:2    | Bought a potion of mutation for 120 gold pieces
 12125 | Orc:2    | Bought a potion of agility for 60 gold pieces
 12125 | Orc:2    | Bought a potion of brilliance for 60 gold pieces
 12125 | Orc:2    | Gained mutation: Your skin changes colour to match your surroundings (Stealth+). [potion of mutation]
 12125 | Orc:2    | Gained mutation: You are dopey. (Int -2) [potion of mutation]
 12125 | Orc:2    | Lost mutation: You are dopey. (Int -2) [potion of mutation]
 12125 | Orc:2    | Gained mutation: Your flesh is very cold resistant. (rC++) [potion of mutation]
 12447 | Elf:1    | Entered Level 1 of the Elven Halls
 12452 | Elf:1    | Reached skill level 17 in Ice Magic
 12744 | Elf:1    | Found Qerghu's Magic Scroll Emporium.
 12759 | Elf:1    | Bought a scroll of magic mapping for 49 gold pieces
 12759 | Elf:1    | Bought a scroll of immolation for 49 gold pieces
 12879 | Elf:1    | Offered knowledge of Bolt of Fire by Vehumet.
 12986 | Elf:1    | Reached XP level 15. HP: 47/99 MP: 22/30
 13421 | Elf:1    | Reached skill level 18 in Ice Magic
 13546 | Elf:1    | Learned a level 2 spell: Sublimation of Blood
 13842 | Elf:2    | :O
 14304 | Elf:2    | Found a runed gate.
 14311 | Elf:2    | Found a runed gate.
 14311 | Elf:2    | Found a runed gate.
 14343 | Elf:3    | Entered Level 3 of the Elven Halls
 14343 | Elf:3    | Noticed a deep elf sorcerer
 14344 | Elf:3    | :(
 14395 | Elf:3    | Noticed Asterion
 14493 | Elf:3    | Killed from afar by a deep elf sorcerer

Vault maps used:
D:1:      lightli_arrival_flooded_house
D:2:      first_ration, uniq_terence
D:3:      minmay_tree_intersection
D:4:      uniq_natasha
D:5:      gup_sewer_entry_spiral, roderic_lattice_a
D:6:      minmay_temple_entry_mist, serial_shops, shop_statue,
          minmay_fire_ice_demons
D:7:      the_bakery, tso_metal_star
D:8:      minmay_the_grid_octo_tiled_octocenter, nicolae_overflow_crystal_walls,
          uniq_psyche
D:9:      uniq_joseph
D:11:     grunt_lair_entry_orc_guard_hut, basic_altar
D:13:     david_vaults_2, basic_altar
D:14:     nicolae_dithmenos_through_a_glass_darkly, serial_shops, shop
D:15:     hangedman_spin_cycle
Temple:   nicolae_temple_the_god_donut
Orc:1:    basic_altar
Orc:2:    st_orc_elflike
Elf:1:    elf_arrival_001, serial_shops, shop_scrolls, orc_legates
Elf:2:    serial_shops, shop, shop, shop, shop
Elf:3:    minmay_elf_hall, serial_shops, shop, uniq_mara, uniq_aizul,
          uniq_donald, uniq_asterion
Sewer:    sewer_kobolds

Skill      XL: |  1  2  3  4  5  6  7  8  9 10 11 12 13 14 15 |
---------------+----------------------------------------------+-----
Conjurations   | 2 3 4 6 7 9 11 12 13 14 16 17 | 17.0
Fire Magic     | 4 5 4 |  4.9
Spellcasting   | 3 4 5 6 7 8 9 10 11 | 11.8
Ice Magic      | 5 8 10 12 14 16 17 18 | 18.6
Shields        | 3 4 |  4.0
Dodging        | |  1.7
Stealth        | |  1.7

Action                   |  1- 3 |  4- 6 |  7- 9 | 10-12 | 13-15 || total
-------------------------+-------+-------+-------+-------+-------++-------
Melee: Spear             |    29 |    43 |   116 |       |       ||   188
       Tailslap          |     2 |     1 |    11 |    17 |    15 ||    46
       War axe           |       |       |    44 |   191 |    18 ||   253
       Trident           |       |       |       |       |    89 ||    89
 Cast: Flame Tongue      |    29 |    40 |   135 |    99 |     3 ||   306
       Conjure Flame     |     1 |       |    11 |    40 |    19 ||    71
       Sticky Flame      |       |     3 |    33 |    66 |    33 ||   135
       Freeze            |       |       |     5 |    10 |       ||    15
       Fireball          |       |       |     9 |    39 |   116 ||   164
       Orb of Destructio |       |       |       |     6 |    76 ||    82
       Freezing Cloud    |       |       |       |       |    26 ||    26
 Abil: Breathe Frost     |       |       |     9 |     3 |       ||    12
Evoke: Wand              |       |       |       |     6 |     5 ||    11
       Sack of spiders   |       |       |       |       |     1 ||     1
  Use: Scroll            |       |     8 |     5 |     8 |    12 ||    33
       Potion            |       |     4 |       |     2 |     9 ||    15
 Stab: Sleeping          |     1 |     1 |       |     1 |     1 ||     4
  Eat: Chunk             |       |     2 |    22 |    27 |    61 ||   112
       Ration            |       |       |     1 |     1 |     5 ||     7
Armor: Skin              |    11 |    28 |    74 |   160 |    58 ||   331
Dodge: Dodged            |    10 |    55 |   187 |   198 |    90 ||   540
Block: Buckler           |       |       |       |    29 |    47 ||    76

Table legend:
 A = Spawn XP
 B = Non-spawn XP
 C = Spawn XP percentage of total XP
 D = Spawn monster count
 E = Non-spawn monster count
 F = Spawn count percentage of total count
 G = Total turns spent on level
                    A         B        C        D         E        F      G
               +---------+---------+-------+---------+---------+-------+---------
         Total |       0 |  134224 |   0.0 |       0 |     577 |   0.0 | 14493
               +---------+---------+-------+---------+---------+-------+---------
           D:1 |       0 |      28 |   0.0 |       0 |      14 |   0.0 |   369
           D:2 |       0 |     104 |   0.0 |       0 |      19 |   0.0 |   622
           D:3 |       0 |     230 |   0.0 |       0 |      25 |   0.0 |   489
           D:4 |       0 |     965 |   0.0 |       0 |      29 |   0.0 |   764
           D:5 |       0 |     630 |   0.0 |       0 |      35 |   0.0 |  1020
           D:6 |       0 |    1524 |   0.0 |       0 |      36 |   0.0 |  1000
           D:7 |       0 |    2078 |   0.0 |       0 |      27 |   0.0 |   803
           D:8 |       0 |    5910 |   0.0 |       0 |      35 |   0.0 |  1053
           D:9 |       0 |    2343 |   0.0 |       0 |      29 |   0.0 |   601
          D:10 |       0 |    2316 |   0.0 |       0 |      18 |   0.0 |   373
          D:11 |       0 |    3913 |   0.0 |       0 |      19 |   0.0 |   418
          D:12 |       0 |    6487 |   0.0 |       0 |      24 |   0.0 |   741
          D:13 |       0 |    6266 |   0.0 |       0 |      25 |   0.0 |   547
          D:14 |       0 |    6317 |   0.0 |       0 |      21 |   0.0 |   973
          D:15 |       0 |   34456 |   0.0 |       0 |      63 |   0.0 |  1755
         Orc:1 |       0 |     749 |   0.0 |       0 |      12 |   0.0 |   228
         Orc:2 |       0 |    9821 |   0.0 |       0 |      46 |   0.0 |   504
         Elf:1 |       0 |   40378 |   0.0 |       0 |      74 |   0.0 |  1744
         Elf:2 |       0 |    6151 |   0.0 |       0 |      10 |   0.0 |   184
         Elf:3 |       0 |    3438 |   0.0 |       0 |       6 |   0.0 |   118
         Sewer |       0 |     120 |   0.0 |       0 |      10 |   0.0 |   169
               +---------+---------+-------+---------+---------+-------+---------
